 Dungeon Crawl Stone Soup version 0.13.0-18-g7b03ea5 (webtiles) character file.

6191 Malachi the Conjurer (level 10, 0/62 HPs)
             Began as a Mummy Wizard on Oct 22, 2013.
             Was an Elder of Sif Muna.
             Slain by a goliath beetle (21 damage)
             ... on Level 10 of the Dungeon.
             The game lasted 00:40:52 (17400 turns).

Malachi the Conjurer (Mummy Wizard)                Turns: 17400, Time: 00:40:52

HP   0/62        AC  5     Str 10      XL: 10   Next: 48%
MP  15/20        EV 12     Int 20      God: Sif Muna [****..]
Gold 482         SH  0     Dex 10      Spells:  6 memorised,  2 levels left

Res.Fire  : x . .   See Invis. : .   h - +1,+0 whip (elec)
Res.Cold  : + . .   Warding    : +   a - +0 robe
Life Prot.: + + +   Conserve   : .   (no shield)
Res.Poison: +       Res.Corr.  : .   x - +0 helmet
Res.Elec. : .       Clarity    : .   v - +1 cloak
Sust.Abil.: . .     Spirit.Shd : .   (no gloves)
Res.Mut.  : .       Stasis     : .   (no boots)
Res.Rott. : +       Flight     : .   s - amulet of warding
Saprovore : . . .                    (no ring)
                                     (no ring)

@: somewhat resistant to hostile enchantments, unstealthy
A: no food or potions, fire vulnerability, restore body, cold resistance 1, life
protection 3, poison resistance, torment resistance, unbreathing
a: Channel Energy, Forget Spell, Renounce Religion


You were on level 10 of the Dungeon.
You worshipped Sif Muna.
Sif Muna was greatly pleased with you.
You were not hungry.

You visited 2 branches of the dungeon, and saw 11 of its levels.

You collected 462 gold pieces.

Inventory:

Hand weapons
 f - the +5,+3 hammer "Keagupan" {holy, Int+1}
   (You found it on level 7 of the Dungeon)

   It has been blessed by the Shining One to cause great damage to the undead
   and demons.
   It affects your intelligence (+1).
 h - a +1,+0 whip of electrocution (weapon)
 i - a +2,+1 anti-magic dagger (quivered)
 j - a +3,+1 great sword of freezing
 A - a +0,+1 hammer of draining
 C - a +1,+1 hammer of protection
 D - a +2,+2 hammer of distortion
Armour
 a - a +0 robe (worn)
 b - a +1 wizard hat
 v - a +1 cloak (worn)
 x - a +0 helmet (worn)
Magical devices
 p - a wand of fireball (2)
 r - a wand of cold (0)
 t - a wand of frost (7)
 u - a wand of digging (14)
 y - a wand of fire (0)
Scrolls
 d - 10 scrolls of identify
 e - 7 scrolls of remove curse
 g - 2 scrolls of teleportation
 k - a scroll of immolation
 l - a scroll of amnesia
 m - a scroll of enchant armour
 o - 3 scrolls of blinking
 q - a scroll of magic mapping
 B - a scroll of enchant weapon I
 E - a scroll of summoning {unknown}
Jewellery
 s - an amulet of warding (around neck)
 z - an uncursed amulet of clarity
Books
 c - a book of Minor Magic

   Spells                             Type                      Level
   *Magic Dart                        Conjuration                  1
   *Blink                             Translocation                2
   *Call Imp                          Summoning                    2
   *Repel Missiles                    Charms/Air                   2
   Slow                               Hexes                        2
   *Conjure Flame                     Conjuration/Fire             3
   *Mephitic Cloud                    Conjuration/Poison/Air       3
 n - a book of Annihilations {highlevel}

   This book is beyond your current level of understanding.

   Spells                             Type                      Level
   Poison Arrow                       Conjuration/Poison           6
   Orb of Destruction                 Conjuration                  7
   Chain Lightning                    Conjuration/Air              8
   Lehudib's Crystal Spear            Conjuration/Earth            8
   Ice Storm                          Conjuration/Ice              9
   Fire Storm                         Conjuration/Fire             9
 w - a Grand Grimoire {highlevel}

   This book is beyond your current level of understanding.

   Spells                             Type                      Level
   Demonic Horde                      Summoning                    6
   Mass Abjuration                    Summoning                    6
   Haunt                              Necromancy/Summoning         7
   Summon Greater Demon               Summoning                    7
   Malign Gateway                     Summoning/Translocation      7
   Summon Horrible Things             Summoning                    8


   Skills:
 + Level 1.0 Fighting
 - Level 0.4 Short Blades
 - Level 1.6 Long Blades
 - Level 3.0 Maces & Flails
 + Level 2.2 Dodging
 - Level 1.5 Stealth
 - Level 3.0 Spellcasting
 - Level 10.5 Conjurations
 - Level 1.0 Summonings
 + Level 2.0 Translocations
 - Level 3.2 Air Magic
 - Level 3.0 Poison Magic
 + Level 4.2 Invocations


You had 2 spell levels left.
You knew the following spells:

 Your Spells              Type           Power        Failure   Level  Hunger
a - Magic Dart            Conj           ####         1%          1    N/A
b - Blink                 Tloc           N/A          12%         2    N/A
c - Call Imp              Summ           #.........   17%         2    N/A
d - Mephitic Cloud        Conj/Pois/Air  ####....     6%          3    N/A
e - Repel Missiles        Chrm/Air       #.........   14%         2    N/A
f - Conjure Flame         Conj/Fire      ###.....     6%          3    N/A

Dungeon Overview and Level Annotations

Branches:
Dungeon (10/27)            Temple (1/1) D:4             Orc (0/4) D:8
   Lair: D:8-13

Altars:
Ashenzari
Cheibriados
Elyvilon
Fedhas
Kikubaaqudgha
Makhleb
Nemelex Xobeh
Okawaru
Sif Muna
Trog
Xom
Yredelemnul
Zin
the Shining One

Shops:
D:4 %   D:8 =

Portals:
Trove: D:10 (give +5 ice dragon armour)


Innate Abilities, Weirdness & Mutations

You do not eat or drink.
Your flesh is vulnerable to fire.
Your flesh is cold resistant.
You are immune to negative energy.
Your system is resistant to poisons.
You are immune to unholy pain and torment.
You can survive without breathing.


Message History

You hit the goliath beetle but do no damage.
Casting: Magic Dart
Confirm with . or Enter, or press ? or * to list all spells.
Aiming: Conjure Flame
Press: ? - help, Dir - move target cursor You miscast Conjure Flame.
Nothing appears to happen.
You hit the goliath beetle but do no damage.
Casting: Conjure Flame
Confirm with . or Enter, or press ? or * to list all spells.
Aiming: Conjure Flame
Press: ? - help, Dir - move target cursor The fire roars!
You hit the goliath beetle but do no damage.
The goliath beetle is engulfed in roaring flames.
The goliath beetle bites you!
You hit the goliath beetle.
The goliath beetle is heavily wounded.
The goliath beetle is engulfed in roaring flames.
The goliath beetle bites you!
You die...

#.# ##......## ### #.#
#........# ..# #%#
#>.......#######
#>###.###..............####
#...............##........#
#.###.###....8..##.###.##.#
..# #.......8.8.##.# # ###
######.8.∩.8##.###.# #
#..8.8.@B.....# #
#+..8...#<.#### #
...######..# ## #..... #..#
.## ...$. #... ..#### ....
##.>. ...(.+ .. .....
..#### #...# .## #..


You could see a goliath beetle.

Vanquished Creatures
  Pikel (D:8)
  An item mimic (D:7)
  A troll (D:9)
  4 yaks (D:9)
  A shark (D:9)
  A hill giant zombie (D:10)
  A hungry ghost (D:7)
  A soldier ant (D:9)
  3 hippogriffs
  2 ice beasts (D:8)
  A slave (D:8)
  3 giant goldfish (D:7)
  2 orc warriors
  4 ogres
  2 giant frogs (D:9)
  A big kobold (D:10)
  2 electric eels (D:7)
  A yak skeleton (D:10)
  A hippogriff skeleton (D:7)
  6 jellyfish (D:7)
  5 wights
  8 crimson imps
  2 giant frog skeletons
  5 hounds
  3 big fish
  2 orc priests (D:8)
  Crazy Yiuf (D:7)
  A giant frog zombie (D:5)
  2 iguanas
  3 jellies
  A scorpion (D:6)
  4 orc wizards
  6 worker ants
  A hound zombie (D:7)
  A hound skeleton (D:4)
  10 adders
  3 gnolls (D:10)
  2 giant mites
  A white imp (D:7)
  6 worms
  An adder skeleton (D:8)
  3 giant eyeballs
  3 giant geckos
  2 oozes
  20 orcs
  2 ball pythons
  13 bats
  7 giant cockroaches
  24 goblins
  21 hobgoblins
  6 jackals
  5 quokkas
  A giant gecko skeleton (D:4)
  3 giant newts
  A giant spore (D:7)
  A hobgoblin skeleton (D:6)
  A hobgoblin zombie (D:5)
  19 kobolds
  A kobold skeleton (D:5)
  12 rats
  4 ballistomycetes (D:7)
256 creatures vanquished.

Vanquished Creatures (others)
  3 slaves (D:8)
  2 giant goldfish (D:7)
  6 crimson imps
  A big fish (D:7)
  A worker ant (D:8)
  An iguana (D:8)
  3 white imps
  2 shadow imps
  An orc (D:8)
  A hobgoblin (D:8)
  A giant spore (D:9)
  A hobgoblin skeleton (D:7)
  4 plants (D:7)
27 creatures vanquished.

Grand Total: 283 creatures vanquished

Notes
Turn   | Place    | Note
--------------------------------------------------------------
     0 | D:1      | Malachi, the Mummy Wizard, began the quest for the Orb.
     0 | D:1      | Reached XP level 1. HP: 11/11 MP: 5/5
    45 | D:1      | Reached skill level 1 in Conjurations
   437 | D:1      | Reached XP level 2. HP: 4/17 MP: 1/7
  2000 | D:1      | Reached XP level 3. HP: 22/22 MP: 7/9
  2770 | D:2      | Reached XP level 4. HP: 28/28 MP: 4/11
  3008 | D:2      | Learned a level 2 spell: Blink
  3011 | D:2      | Learned a level 2 spell: Call Imp
  3015 | D:2      | Learned a level 3 spell: Mephitic Cloud
  4156 | D:3      | Reached XP level 5. HP: 33/33 MP: 8/12
  4162 | D:3      | Reached skill level 4 in Conjurations
  5674 | D:4      | Learned a level 2 spell: Repel Missiles
  5734 | D:4      | Found Ghoady's Food Shoppe.
  5964 | D:4      | Found a glowing silver altar of Zin.
  5987 | D:4      | Reached XP level 6. HP: 18/39 MP: 9/14
  6094 | D:4      | Found a deep blue altar of Sif Muna.
  6115 | D:4      | Found a staircase to the Ecumenical Temple.
  6268 | D:4      | Reached skill level 5 in Conjurations
  6302 | D:4      | Became a worshipper of Sif Muna the Loreminder
  6431 | D:4      | Found a sparkling altar of Nemelex Xobeh.
  6503 | Temple   | Entered the Ecumenical Temple
  6774 | D:5      | Entered Level 5 of the Dungeon
  7554 | D:5      | Reached XP level 7. HP: 7/44 MP: 5/16
  8044 | D:5      | Reached skill level 6 in Conjurations
  8295 | D:6      | Found an iron altar of Okawaru.
  8581 | D:6      | Reached skill level 1 in Poison Magic
  8917 | D:6      | Acquired Sif Muna's first power
  8917 | D:6      | Reached skill level 1 in Air Magic
  9442 | D:5      | Reached skill level 7 in Conjurations
  9468 | D:6      | HP: 2/44 [wight/great sword of freezing (2)]
  9523 | D:6      | Reached skill level 1 in Summonings
  9523 | D:6      | Reached XP level 8. HP: 11/50 MP: 9/18
 10009 | D:6      | Learned a level 3 spell: Conjure Flame
 10747 | D:7      | Acquired Sif Muna's second power
 10747 | D:7      | Reached skill level 1 in Invocations
 10842 | D:7      | Reached skill level 1 in Translocations
 10890 | D:7      | Reached skill level 8 in Conjurations
 11131 | D:7      | Noticed Crazy Yiuf
 11155 | D:7      | Killed Crazy Yiuf
 11495 | D:7      | Paralysed by a giant eyeball for 2 turns
 11719 | D:7      | Killed a hammer mimic
 11719 | D:7      | Reached skill level 1 in Long Blades
 11833 | D:7      | Got an ichor-stained hammer
 12008 | D:7      | Paralysed by a giant eyeball for 4 turns
 12040 | D:7      | Identified the +5,+3 hammer "Keagupan" {holy, Int+1} (You found it on level 7 of the Dungeon)
 12155 | D:7      | Reached XP level 9. HP: 29/55 MP: 18/18
 12494 | D:7      | Reached skill level 9 in Conjurations
 12520 | D:7      | Reached skill level 1 in Maces & Flails
 13611 | D:8      | Found Uguogu's Jewellery Boutique.
 13708 | D:8      | Noticed Pikel
 13750 | D:8      | Killed Pikel
 14121 | D:8      | Paralysed by a giant eyeball for 2 turns
 14145 | D:8      | Acquired Sif Muna's third power
 14782 | D:8      | Found a staircase to the Orcish Mines.
 14952 | D:9      | Reached XP level 10. HP: 41/61 MP: 15/20
 15084 | D:9      | Reached skill level 10 in Conjurations
 16518 | D:10     | Entered Level 10 of the Dungeon
 16520 | D:10     | Identified a scroll of acquirement
 17364 | D:10     | Reached skill level 1 in Fighting
 17365 | D:10     | Found a portal to a secret trove of treasure.
 17400 | D:10     | Slain by a goliath beetle

Action                   |  1- 3 |  4- 6 |  7- 9 | 10-12 || total
-------------------------+-------+-------+-------+-------++-------
Melee: Unarmed           |     8 |       |       |       ||     8
       Dagger            |    17 |    19 |       |       ||    36
       Spear             |     4 |       |       |       ||     4
       Short sword       |       |    36 |    52 |       ||    88
       Great sword       |       |    10 |    57 |       ||    67
       Hammer            |       |       |   117 |       ||   117
       Whip              |       |       |    72 |   142 ||   214
 Cast: Magic Dart        |    96 |   206 |   153 |    52 ||   507
       Mephitic Cloud    |       |     8 |    54 |     4 ||    66
       Call Imp          |       |       |    16 |       ||    16
       Blink             |       |       |    10 |     1 ||    11
       Conjure Flame     |       |       |     8 |     7 ||    15
Invok: Channel Energy    |       |       |    28 |       ||    28
Evoke: Wand              |       |     2 |    18 |       ||    20
  Use: Scroll            |       |     6 |    15 |     3 ||    24
 Stab: Confused          |       |     4 |     6 |     5 ||    15
       Sleeping          |       |       |       |     1 ||     1
